 Dungeon Crawl Stone Soup version 0.27.0-1-g7a089689b8 (webtiles) character file.

Game seed: 15807594836187098798

39 Sabo the Ducker (level 3, 0/27 HPs)
             Began as a Merfolk Gladiator on Aug 14, 2021.
             Was a Follower of Yredelemnul.
             Succumbed to an adder's poison
             ... on level 2 of the Dungeon.
             The game lasted 00:06:35 (1302 turns).

Sabo the Ducker (Merfolk Gladiator)                 Turns: 1302, Time: 00:06:35

Health: 0/27       AC:  4    Str: 15    XL:     3   Next: 47%
Magic:  3/3        EV: 14    Int:  7    God:    Yredelemnul [*.....]
Gold:   79         SH:  0    Dex: 15    Spells: 2/2 levels left

rFire    . . .     SeeInvis .   a - +0 trident
rCold    . . .     Faith    .   (no shield)
rNeg     . . .     Spirit   .   b - +0 leather armour
rPois    .         Reflect  .   c - +0 helmet
rElec    .         Harm     .   (no cloak)
rCorr    .         Rampage  .   (no gloves)
Will     .....                  (no boots)
Stlth    +.........             e - amulet of magic regeneration
HPRegen  0.09/turn              (no ring)
MPRegen  0.33/turn              (no ring)

@: lethally poisoned (0 -> -3), on berserk cooldown, slowed, very slow
A: (nimble swimmer 2), mertail
a: Renounce Religion, Animate Remains


You were on level 2 of the Dungeon.
You worshipped Yredelemnul.
Yredelemnul was aware of your devotion.
You visited 1 branch of the dungeon, and saw 2 of its levels.

You collected 79 gold pieces.

Inventory:

Hand Weapons
 a - a +0 trident (weapon)
 l - a +3 short sword
Missiles
 d - 3 throwing nets (quivered)
Armour
 b - a +0 leather armour (worn)
 c - a +0 helmet (worn)
Jewellery
 e - an amulet of magic regeneration (around neck)
Scrolls
 f - a scroll of identify
 j - a scroll of fear {unknown}
 k - 3 scrolls of teleportation {unknown}
Potions
 g - a potion of haste
 i - a potion of mutation {unknown}


   Skills:
 + Level 2.3 Fighting
 + Level 5.0 Polearms
 + Level 2.1 Throwing
 + Level 0.2 Armour
 + Level 5.2 Dodging


You had 2 spell levels left.
You didn't know any spells.
Your spell library was empty.

Dungeon Overview and Level Annotations

Branches:
Dungeon (2/15)

Altars:
Yredelemnul


Innate Abilities, Weirdness & Mutations

((You are quick and stealthy near water. (Stealth+, EV+, Speed+++)))
Your lower body shifts to a powerful aquatic tail in water.


Message History

Your giant cockroach zombie closely misses the adder.
You barely miss the adder.
The adder is moderately wounded.
You feel sick. The adder bites you.
You are more poisoned.
The adder poisons you!
Your giant cockroach zombie closely misses the adder.
You miss the adder.
The adder is moderately wounded.
You feel very sick. The adder bites you but does no damage.
The adder bites you.
* * * LOW HITPOINT WARNING * * *
Your giant cockroach zombie misses the adder.
You puncture the adder!
You kill the adder!
Yredelemnul accepts your kill.
* * * LOW HITPOINT WARNING * * *
You feel sick.
* * * LOW HITPOINT WARNING * * *
You feel sick.
You see here an adder corpse.
There is a lethal amount of poison in your body!
It was a potion of berserk rage.
A red film seems to cover your vision as you go berserk!
You feel yourself moving faster!
You feel mighty!
* * * LOW HITPOINT WARNING * * *
You feel sick.
You are too berserk!
You feel a strong urge to attack something.
* * * LOW HITPOINT WARNING * * *
You feel sick.
You feel your anger nearly subside.
* * * LOW HITPOINT WARNING * * *
You feel sick.
You swap places.
You are no longer berserk.
You are exhausted.
You feel yourself slow down.
You die...
Your body rises from the dead as a mindless zombie.

#..#.########
####..#.#
........#
###.....#
..#....########
##.#......(....#
..#....######.#
###.#....# #.##
#@.Z#....# #...
#Z###....# ####
#..ZZ.####
#######


You could see a friendly adder zombie and a friendly giant cockroach zombie.

Vanquished Creatures
  2 adders (D:2)
  A dart slug (D:1)
  3 bats (D:1)
  A giant cockroach (D:2)
  3 goblins (D:1)
  2 hobgoblins
  2 kobolds
  2 quokkas (D:1)
  A frilled lizard (D:2)
  2 rats (D:1)
19 creatures vanquished.

Vanquished Creatures (others)
  2 plants (D:1)
  2 withered plants (D:1)
4 creatures vanquished.

Grand Total: 23 creatures vanquished

Notes
Turn   | Place    | Note
-------+----------+-------------------------------------------
     0 | D:1      | Sabo the Merfolk Gladiator began the quest for the Orb.
     0 | D:1      | Reached XP level 1. HP: 16/16 MP: 1/1
   456 | D:1      | Reached XP level 2. HP: 17/22 MP: 2/2
   851 | D:1      | Found a faded altar of an unknown god.
   861 | D:1      | Became a worshipper of Yredelemnul the Dark
   861 | D:1      | Reached * piety under Yredelemnul
  1115 | D:2      | Reached XP level 3. HP: 27/27 MP: 3/3
  1199 | D:2      | Reached skill level 5 in Polearms
  1253 | D:2      | Reached skill level 5 in Dodging
  1302 | D:2      | Succumbed to an adder's poison

Illustrated notes

Levels and vault maps discovered:
D:1:      denvon_arrival_hothouse, layout_basic,
          shapermc_ecumenical_altar_flowoftime
D:2:      layout_basic, basic_altar, minmay_misc_feat_ornament,
          grunt_decor_mini_mirrors

Skill      XL: |  1  2  3 |
---------------+----------+-----
Polearms       | 5 |  5.0
Dodging        | 5 |  5.2
Fighting       | |  2.3
Throwing       | |  2.1
Armour         | |  0.2

Action                   || total
-------------------------++-------
Melee: Trident           ||    93
Throw: Throwing net      ||     1
Invok: Animate Remains   ||     4
  Use: Scroll            ||     1
       Potion            ||     1
 Stab: Sleeping          ||     1
Armor: Leather armour    ||    24
Dodge: Dodged            ||    55
